 Dungeon Crawl Stone Soup version 0.17-a0-1475-g9f81d98 (webtiles) character file.

357 mrath the Shooter (level 6, 0/50 HPs)
             Began as a Minotaur Hunter on July 2, 2015.
             Was an Initiate of Qazlal.
             Slain by Duvessa
             ... wielding a +0 short sword
              (7 damage)
             ... on level 5 of the Dungeon.
             The game lasted 01:08:25 (3842 turns).

mrath the Shooter (Minotaur Hunter)                 Turns: 3842, Time: 01:08:26

Health: 0/50       AC: 14    Str: 16    XL:     6   Next: 37%
Magic:  5/5        EV: 12    Int:  8    God:    Qazlal [......]
Gold:   159        SH:  0    Dex: 13    Spells: 1 memorised, 4 levels left

rFire  + . .     SeeInvis .     D - +0 rapier
rCold  + . .     Clarity  .     o - +4 ring mail {rF+}
rNeg   . . .     SustAt   .     (no shield)
rPois  .         Gourm    .     (helmet restricted)
rElec  .         Spirit   .     (no cloak)
rCorr  .         Warding  .     v - +0 pair of gloves
rMut   .         Stasis   .     (no boots)
MR     .....                    (no amulet)
Stlth  +.........               f - +4 ring of protection
                                j - ring of protection from cold

@: not resistant to hostile enchantments, very unstealthy
A: retaliatory headbutt, horns 2
a: Renounce Religion


You were on level 5 of the Dungeon.
You worshipped Qazlal.
Qazlal was noncommittal.
You were not hungry.

You visited 1 branch of the dungeon, and saw 5 of its levels.

You collected 159 gold pieces.

Inventory:

Hand weapons
 a - a +2 shortbow
 s - a +0 hunting sling
 D - a +0 rapier (weapon)
 E - a +0 dagger of speed
 G - a +0 dagger of venom
Missiles
 b - 14 arrows
 g - 14 sling bullets
 h - 28 poisoned needles
 i - 88 stones (quivered)
 B - 8 tomahawks
 C - 18 bolts
Armour
 o - a +4 ring mail of fire resistance (worn)
 v - a +0 pair of gloves (worn)
 x - a +2 leather armour of fire resistance
Jewellery
 f - a +4 ring of protection (right hand)
 j - a ring of protection from cold (left hand)
 n - an uncursed amulet of faith
Magical devices
 y - a wand of magic darts (46)
Scrolls
 t - a scroll of identify
 w - a scroll of magic mapping
 z - 2 scrolls of remove curse
Potions
 e - a potion of degeneration {unknown}
 l - a potion of magic {unknown}
 m - a potion of curing
 u - a potion of lignification {unknown}
 H - a potion of agility {unknown}
Books
 d - a Young Poisoner's Handbook

   Spells                             Type                      Level
   a - Sting                          Conjuration/Poison           1
   b - Cure Poison                    Poison                       2
   c - Mephitic Cloud                 Conjuration/Poison/Air       3
   d - Olgreb's Toxic Radiance        Poison                       4
   e - Venom Bolt                     Conjuration/Poison           5
Comestibles
 k - a slice of pizza
 q - 2 beef jerkies
 r - a meat ration
 A - 3 fruits


   Skills:
 + Level 2.8 Fighting
 + Level 0.7 Short Blades
 + Level 6.5 Bows
 + Level 1.4 Throwing
 + Level 2.9 Armour
 + Level 4.0 Dodging
 + Level 1.0 Stealth


You had 4 spell levels left.
You knew the following spells:

 Your Spells              Type           Power        Failure   Level  Hunger
a - Sting                 Conj/Pois      #...         80%         1    ##.....


Dungeon Overview and Level Annotations

Branches:
Dungeon (5/15)
 Temple: D:4-7

Altars:
Makhleb
Qazlal
Trog

Annotations:
D:5 Duvessa


Innate Abilities, Weirdness & Mutations

You reflexively headbutt those who attack you in melee.
You have a pair of horns on your head.


Message History

Duvessa is moderately wounded.
Duvessa hits you with a short sword!
Wield which item (- for none, * to show all)? (? for menu, Esc to quit)
Your +0 dagger of venom stops dripping with poison.
D - a +0 rapier (weapon)
Duvessa barely misses you. You furiously retaliate!
You headbutt Duvessa. You hit Duvessa but do no damage.
Duvessa is moderately wounded.
Duvessa closely misses you.
You closely miss Duvessa. You headbutt Duvessa.
Duvessa is heavily wounded.
Duvessa hits you with a short sword!
* * * LOW HITPOINT WARNING * * *
Duvessa closely misses you. You furiously retaliate!
You headbutt Duvessa! You hit Duvessa. Your headbutt misses Duvessa.
Duvessa is severely wounded.
Duvessa hits you with a short sword.
* * * LOW HITPOINT WARNING * * *
Duvessa hits you with a short sword!
You die...

##.........#
##..........#
##...........#
#............#
###....<......#
###..............
##....###..$..##..
#)e.### #######
#@### ###


You could see Duvessa (berserk).

Vanquished Creatures
  An ogre (D:4)
  Dowan (D:5)
  A crimson imp (D:4)
  An orc wizard (D:4)
  A worker ant (D:4)
  An adder (D:2)
  2 worms
  3 giant geckos
  13 orcs
  3 ball pythons
  11 bats
  4 giant cockroaches
  15 goblins
  6 hobgoblins
  11 jackals
  3 quokkas
  3 giant newts (D:1)
  10 kobolds
  9 rats
99 creatures vanquished.

Vanquished Creatures (others)
  A plant (D:1)
1 creature vanquished.

Grand Total: 100 creatures vanquished

Notes
Turn   | Place    | Note
--------------------------------------------------------------
     0 | D:1      | mrath the Minotaur Hunter began the quest for the Orb.
     0 | D:1      | Reached XP level 1. HP: 18/18 MP: 0/0
   170 | D:1      | Reached XP level 2. HP: 25/25 MP: 1/1
   361 | D:1      | Reached skill level 5 in Bows
   618 | D:1      | Reached XP level 3. HP: 30/30 MP: 2/2
   963 | D:1      | You fall through a shaft!
  1522 | D:2      | Reached XP level 4. HP: 37/37 MP: 3/3
  1573 | D:2      | Found a burning altar of Makhleb.
  1573 | D:2      | Noticed a balrug
  1577 | D:2      | Noticed an orange demon
  1577 | D:2      | Noticed a ynoxinul
  2060 | D:3      | Reached skill level 1 in Armour
  2764 | D:4      | Reached skill level 1 in Stealth
  2764 | D:4      | Reached XP level 5. HP: 22/42 MP: 4/4
  2788 | D:4      | Reached skill level 6 in Bows
  3264 | D:4      | Found a bloodstained altar of Trog.
  3321 | D:4      | Reached skill level 1 in Throwing
  3394 | D:4      | Noticed an ogre
  3407 | D:4      | Killed an ogre
  3407 | D:4      | Reached XP level 6. HP: 19/50 MP: 5/5
  3623 | D:4      | Found a stormy altar of Qazlal.
  3631 | D:4      | Became a worshipper of Qazlal Stormbringer
  3764 | D:4      | Learned a level 1 spell: Sting
  3819 | D:5      | Entered Level 5 of the Dungeon
  3819 | D:5      | Noticed Duvessa
  3819 | D:5      | Noticed Dowan
  3836 | D:5      | Killed Dowan
  3842 | D:5      | Slain by Duvessa

Vault maps used:
D:1:      onia_arrival_larder, lexackson_kobold_supper
D:2:      makhleb_altar_promises_db
D:3:      lemuel_round_altar
D:4:      nicolae_overflow_crystal_walls, nicolae_overflow_hidden_temple
D:5:      wad_pebble_path, tso_oasis_becter, temple_statues, first_bread,
          basic_altar, uniq_sigmund, uniq_duvessa

Action                   |  1- 3 |  4- 6 || total
-------------------------+-------+-------++-------
Melee: Short sword       |    55 |    89 ||   144
       Rapier            |       |    47 ||    47
       Dagger            |       |    12 ||    12
 Fire: Shortbow          |    63 |    75 ||   138
Throw: Stone             |     6 |    30 ||    36
Evoke: Wand              |       |     2 ||     2
  Use: Scroll            |    10 |    11 ||    21
       Potion            |       |     1 ||     1
  Eat: Chunk             |     2 |     4 ||     6
       Bread ration      |       |     1 ||     1
